 Dungeon Crawl Stone Soup version 0.27-a0-607-g1ad3dbde53 (webtiles) character file.

Game seed: 2628880488980459515

133 Gaff the Skirmisher (level 5, -7/53 HPs)
             Began as an Ogre Warper on Mar 13, 2021.
             Killed by divine providence
             ... invoked by an orc priest
              (14 damage)
             ... on level 3 of the Dungeon.
             The game lasted 00:05:40 (3744 turns).

Gaff the Skirmisher (Ogre Warper)                   Turns: 3744, Time: 00:05:41

Health: -7/53      AC:  3    Str: 16    XL:     5   Next: 16%
Magic:  9/9        EV: 10    Int: 20    God:
Gold:   101        SH:  0    Dex:  8    Spells: 4/9 levels left

rFire    . . .     SeeInvis .   a - +0 mace
rCold    . . .     Faith    .   (no shield)
rNeg     . . .     Spirit   .   b - +0 robe
rPois    .         Reflect  .   (helmet restricted)
rElec    .         Harm     .   (no cloak)
rCorr    .         Rampage  .   (gloves unavailable)
Will     .....                  (boots unavailable)
Stlth    +.........             (no amulet)
HPRegen  0.17/turn              f - +6 ring of intelligence
MPRegen  0.11/turn              (no ring)

@: no status effects
A: large, unfitting armour, tough skin 1
a: no special abilities


You were on level 3 of the Dungeon.
You visited 1 branch of the dungeon, and saw 3 of its levels.

You collected 101 gold pieces.

Inventory:

Hand Weapons
 a - a +0 mace (weapon)
Missiles
 e - 5 boomerangs of dispersal (quivered)
 g - 8 boomerangs
Armour
 b - a +0 robe (worn)
Jewellery
 f - a +6 ring of intelligence (right hand)
Scrolls
 d - a scroll of blinking
 h - a scroll of identify {unknown}
 i - 2 scrolls of teleportation {unknown}
 j - a scroll of random uselessness {unknown}
 k - a scroll of amnesia {unknown}
 m - a scroll of immolation {unknown}
Potions
 c - 4 potions of curing
 l - a potion of haste {unknown}


   Skills:
 + Level 3.6 Fighting
 + Level 3.0 Maces & Flails
 - Level 1.0 Throwing
 + Level 3.1 Dodging
 + Level 2.7 Spellcasting
 + Level 3.2 Translocations


You had 4 spell levels left.
You knew the following spells:

 Your Spells              Type           Power      Damage    Failure   Level
a - Blink                 Tloc           N/A        N/A       6%          2
b - Teleport Other        Tloc           15%        N/A       12%         3

Your spell library contained the following spells:

 Spells                   Type           Power      Damage    Failure   Level
 Gell's Gravitas          Tloc           7%         N/A       12%         3
 Lesser Beckoning         Tloc           7%         N/A       12%         3
 Manifold Assault         Tloc           15%        N/A       36%         4
 Confusing Touch          Hex            2%         N/A       41%         3
 Petrify                  Tmut/Erth      2%         N/A       82%         4
 Metabolic Englaciation   Hex/Ice        1%         N/A       99%         5
 Yara's Violent Unravell  Hex/Tmut       1%         3d3       99%         5


Dungeon Overview and Level Annotations

Branches:
Dungeon (3/15)

Altars:


Innate Abilities, Weirdness & Mutations

You are too large for most types of armour.
You have tough skin. (AC +1)


Message History

The orc priest closely misses you.
You barely miss the orc priest.
The orc priest casts a cantrip, but nothing happens.
You thump the orc priest!
The orc priest is heavily wounded.
The orc priest hits you with a +0 war axe!
* * * LOW HITPOINT WARNING * * *
You closely miss the orc priest.
The orc priest is heavily wounded.
The orc priest barely misses you.
You barely miss the orc priest.
The orc priest is heavily wounded.
The orc priest hits you with a +0 war axe.
* * * LOW HITPOINT WARNING * * *
You barely miss the orc priest.
The orc priest is heavily wounded.
The orc priest hits you with a +0 war axe!
* * * LOW HITPOINT WARNING * * *
You closely miss the orc priest.
The orc priest is heavily wounded.
The orc priest barely misses you.
You hit the orc priest.
The orc priest is severely wounded.
The orc priest invokes the aid of Beogh against you.
Pain shoots through your body!
* * * LOW HITPOINT WARNING * * *
It was a potion of curing.
You feel better.
The orc priest looks satisfied for a moment.
You closely miss the orc priest.
The orc priest is severely wounded.
The orc priest hits you but does no damage.
You hit the orc priest but do no damage.
The orc priest is severely wounded.
The orc priest hits you with a +0 war axe.
* * * LOW HITPOINT WARNING * * *
You barely miss the orc priest.
The orc priest is severely wounded.
The orc priest invokes the aid of Beogh against you.
Beogh smites you!
You die...

###.###.###### #.# #.#
#............####.#
#.#####<####......# #.
#.......##### # #
#######.# #
########################
#...o...#.).....#.......
#.#####o#.#####.#.#####.
#@#.#...#.#)#...#.
#.#...#.#.#...#.#.
#.#####.#.#####.#.
#.....†.#.......#.
#################. ....
#... ####


You could see an orc priest.

Vanquished Creatures
  An adder (D:3)
  3 gnolls
  2 oozes (D:3)
  2 worms (D:2)
  2 dart slugs (D:1)
  6 leopard geckos
  3 orcs (D:3)
  2 ball pythons (D:3)
  2 giant cockroaches (D:1)
  8 goblins
  7 hobgoblins
  6 jackals
  A quokka (D:3)
  6 bats
  3 frilled lizards
  2 kobolds (D:1)
  8 rats
64 creatures vanquished.

Notes
Turn   | Place    | Note
-------+----------+-------------------------------------------
     0 | D:1      | Gaff the Ogre Warper began the quest for the Orb.
     0 | D:1      | Reached XP level 1. HP: 22/22 MP: 3/3
   255 | D:1      | Reached XP level 2. HP: 25/29 MP: 5/5
   764 | D:1      | Learned a level 2 spell: Blink
   812 | D:1      | Reached XP level 3. HP: 36/36 MP: 6/6
  2370 | D:3      | Reached XP level 4. HP: 45/45 MP: 7/7
  3395 | D:3      | Reached XP level 5. HP: 32/53 MP: 7/9
  3533 | D:3      | Learned a level 3 spell: Teleport Other
  3744 | D:3      | Killed from afar by an orc priest

Illustrated notes

Levels and vault maps discovered:
D:1:      dpeg_arrival_shelter, layout_loops_ring, serial_rivers,
          chequers_serial_rivers_micro_d, chequers_serial_rivers_micro_c,
          chequers_serial_rivers_small_b, chequers_serial_rivers_micro_a,
          chequers_serial_rivers_room_b, chequers_serial_rivers_room_b
D:2:      layout_rooms, serial_bayou, serial_bayou_pond_d, serial_bayou_shore_a,
          serial_bayou_ford_a, serial_bayou_pond_c, minmay_circle_x
D:3:      layout_loops_ring, patterned_corridor

Skill      XL: |  1  2  3  4 |
---------------+-------------+-----
Translocations | 3 |  3.2
Maces & Flails | 2 3 |  3.0
Fighting       | 3 |  3.6
Dodging        | 3 |  3.1
Throwing       | |  1.0
Spellcasting   | |  2.7

Action                   |  1- 3 |  4- 6 || total
-------------------------+-------+-------++-------
Melee: Mace              |   148 |   108 ||   256
  Use: Potion            |       |     1 ||     1
 Stab: Sleeping          |     1 |     1 ||     2
Armor: Robe              |    66 |    26 ||    92
Dodge: Dodged            |   101 |    60 ||   161

Table legend: (Time is in decaauts)
 A = Elapsed time spent in this place.
 B = Non-inter-level travel time spent in this place.
 C = Inter-level travel time spent in this place.
 D = Time resting spent in this place.
 E = Time spent auto-exploring this place.
 F = Levels seen in this place.
 G = Mean time per level.
                   A        B        C        D        E       F      G
               +--------+--------+--------+--------+--------+-----+--------+
         Total |   3851 |   3736 |    115 |   1561 |   1324 |   3 | 1283.7 |
       Dungeon |   3851 |   3736 |    115 |   1561 |   1324 |   3 | 1283.7 |
               +--------+--------+--------+--------+--------+-----+--------+

Top non-repeatable levels by time:
     D:1: 1714 daAuts
     D:3: 1415 daAuts
     D:2: 720 daAuts
